NULL
Full Scoreboard »»

Panthers vs Sharks

Created - November 20, 2023 at 20:58

Goals
1 2 3 T
Panthers 1 1 0 2
Sharks 0 2 2 4
Shots
1 2 3 T
Panthers 14 12 18 44
Sharks 7 10 15 32

GoalsPenalties
1st period
1. Panthers , Jack Hughes 2 (Michael McLeod 2) at 1:24
Mark Giordano (SJS) for Fighting (Major) at 2:27
Michael McLeod (FLA) for Fighting (Major) at 2:27
Semyon Varlamov (SJS) for Delaying the game (Minor) at 17:19 - William Borgen served the penalty
2nd period
2. Sharks , Sidney Crosby 2 (Nikolaj Ehlers 3) at 3:27
3. Sharks , Carl Grundstrom 2 (Dustin Brown 2, Sidney Crosby 8) at 4:28
4. Panthers , Jaden Schwartz 3 (Mason Appleton 2) at 7:16
Jeff Petry (FLA) for Holding (Minor) at 14:58
3rd period
5. Sharks , Frederick Gaudreau 2 (Sidney Crosby 9, Daniil But 2) at 14:02 (PP)
6. Sharks , Frederick Gaudreau 3 (Sidney Crosby 10, Daniil But 3) at 14:38 (PP)
Ondrej Kase (FLA) for Hooking (Minor) at 1:53
Ondrej Kase (FLA) for Elbowing (Minor) at 12:59
Axel Sandin-Pellikka (FLA) for Hooking (Minor) at 14:25
Sidney Crosby (SJS) for Holding (Minor) at 18:30
Goalie Stats
Darcy Kuemper (FLA), 28 saves from 32 shots - (0.875), L, 4-2-0, 60:00 minutes
Semyon Varlamov (SJS), 42 saves from 44 shots - (0.955), W, 5-1-0, 60:00 minutes
3 StarsOfficial
1 - Sidney Crosby (SJS)
2 - Semyon Varlamov (SJS)
3 - Frederick Gaudreau (SJS)
Referees : Unknown
Linesman : Unknown
Game Note
Mark Giordano and Michael McLeod fight to a draw at 2:27 of 1st period



Team Name Goals Shots Shots Attemp Shots Blocked PIM HIT PP PK FO%
Panthers 24482713160 / 2 (0%)243%
Sharks 43261109232 / 4 (50%)057%

Panthers
Player Name POS G A P +/- PIM HIT SHT SB MP PP MP PP SHT PK MP PK SHT FO% FOT GA TA
Adam LowryC/LW000-2023016:591:3620:1300% 000
Axel Sandin-PellikkaD0001202121:161:5303:3700% 001
Bo HorvatC0001031019:011:5202:25057% 2110
Connor DewarC000000002:400:3000:00033% 600
Dmitry KulikovD0001011120:071:5302:3300% 002
Dmitry OrlovD0000011024:511:3512:5900% 003
Eetu LuostarinenC/LW0001033016:320:0000:1300% 110
Jack HughesC1011015020:011:0602:25044% 1811
Jaden SchwartzC/LW10110011019:011:5202:36250% 211
Jeff PetryD0000211222:511:3501:1900% 001
Jesper FastLW/RW0001003016:251:5200:0000% 200
Mason AppletonLW/RW011-2001016:461:3610:0000% 120
Michael McLeodC011-1511217:440:0000:000100% 112
Nazem KadriC000-2007017:460:0002:36138% 2100
Niko MikkolaD000-1022116:100:0000:0000% 000
Ondrej KaseLW/RW0001412016:210:0000:0000% 001
Riley NashC/LW/RW000000005:050:0000:0000% 100
Zack KassianLW/RW000000005:050:0000:0000% 100
Sharks
Player Name POS G A P +/- PIM HIT SHT SB MP PP MP PP SHT PK MP PK SHT FO% FOT GA TA
Auston MatthewsC/LW/RW0000023018:282:4410:09052% 2522
Brendan LemieuxLW/RW000001107:200:0000:0900% 000
Carl GrundstromRW101-1002113:010:0001:4800% 000
Daniil ButLW0221020019:352:3000:0000% 100
Derek StepanC/LW/RW000000108:590:0001:4800% 100
Dustin BrownLW/RW011-1011012:580:0001:3100% 101
Esa LindellD0000003024:472:5422:0100% 022
Frederick GaudreauC/LW/RW2020023118:082:3020:0000% 211
Gustav NyquistC/LW/RW0000024018:192:4400:000100% 210
Mark GiordanoD0001510118:542:3100:3300% 020
Nick RitchieLW000002007:110:0000:0000% 000
Nikolaj EhlersLW/RW0111015019:462:4400:000100% 131
Noel AcciariC/LW/RW000-1012012:580:0001:31042% 1200
Philip BrobergD000-1000116:260:0001:2700% 000
Rasmus RistolainenD0001001319:180:0002:0100% 000
Sidney CrosbyC/LW/RW1341235119:342:3000:00073% 3010
Travis SanheimD0000010124:484:3200:5400% 000
William BorgenD000-1041116:000:3100:0000% 000

Panthers

5 vs 5 Forward
Line #Left WingCenterRight WingPHYDFOFWanted %Time %Time Play
1Jaden SchwartzBo HorvatJesper Fast1223029%14:44
2Adam LowryNazem KadriMason Appleton1223030%15:10
3Eetu LuostarinenJack HughesOndrej Kase1223032%16:19
4Zack KassianMichael McLeodRiley Nash1221010%5:05
5 vs 5 Defense
Line #DefenseDefensePHYDFOFWanted %Time %Time Play
1Dmitry OrlovJeff Petry1223032%16:30
2Axel Sandin-PellikkaDmitry Kulikov1223029%14:51
3Niko MikkolaMichael McLeod1223032%16:10
4Dmitry OrlovJeff Petry122107%3:47
Power Play Forward
Line #Left WingCenterRight WingPHYDFOFWanted %Time %Time Play
1Jaden SchwartzBo HorvatJesper Fast1225054%1:52
2Adam LowryJack HughesMason Appleton1225046%1:36
Power Play Defense
Line #DefenseDefensePHYDFOFWanted %Time %Time Play
1Dmitry OrlovJeff Petry1225046%1:35
2Axel Sandin-PellikkaDmitry Kulikov1225054%1:53
Penalty Kill 4 Players Forward
Line #CenterWingPHYDFOFWanted %Time %Time Play
1Bo HorvatJack Hughes1225050%2:38
2Nazem KadriJaden Schwartz1225050%2:36
Penalty Kill 4 Players Defense
Line #DefenseDefensePHYDFOFWanted %Time %Time Play
1Dmitry OrlovJeff Petry1225053%2:46
2Axel Sandin-PellikkaDmitry Kulikov1225047%2:28
Penalty Kill 3 Players
Line #WingPHYDFOFWanted %Time %Time PlayDefenseDefensePHYDFOFWanted %Time %Time Play
1Bo Horvat122500%0:00 Dmitry OrlovJeff Petry122500%0:00
2Jack Hughes122500%0:00 Axel Sandin-PellikkaDmitry Kulikov122500%0:00
4 vs 4 Forward
Line #CenterWingPHYDFOFWanted %Time %Time Play
1Bo HorvatJack Hughes122500%0:00
2Nazem KadriJaden Schwartz122500%0:00
4 vs 4 Defense
Line #DefensePHYDFOFWanted %Time %Time Play
1Dmitry OrlovJeff Petry122500%0:00
2Axel Sandin-PellikkaDmitry Kulikov122500%0:00
Last Minutes Offensive
Left WingCenterRight WingDefenseDefense
Jaden SchwartzBo HorvatJesper FastDmitry OrlovJeff Petry
Last Minutes Defensive
Left WingCenterRight WingDefenseDefense
Jaden SchwartzBo HorvatJesper FastDmitry OrlovJeff Petry
Time
Total ForwardTotal DefenseLast Minutes OffensiveLast Minutes Defensive
60:00 60:00 0:000:00
Extra Forwards
Normal PowerPlayPenalty Kill
Connor Dewar, Eetu Luostarinen, Ondrej KaseConnor Dewar, Eetu LuostarinenOndrej Kase
Extra Defensemen
Normal PowerPlayPenalty Kill
Niko Mikkola, Axel Sandin-Pellikka, Dmitry KulikovNiko Mikkola, Axel Sandin-PellikkaDmitry Kulikov
Penalty Shots
Bo Horvat, Jack Hughes, Nazem Kadri, Jaden Schwartz, Adam Lowry
Goalie
Darcy Kuemper, Philipp Grubauer
Custom OT Lines Forwards
Bo Horvat, Jack Hughes, Nazem Kadri, Jaden Schwartz, Adam Lowry, Eetu Luostarinen, Jesper Fast, Mason Appleton, Michael McLeod, Ondrej Kase
Custom OT Lines Defensemen
Dmitry Orlov, Jeff Petry, Axel Sandin-Pellikka, Dmitry Kulikov, Niko Mikkola
Scratches
Marek Alscher (Healthy), Ethan Bear (Healthy)

Sharks

5 vs 5 Forward
Line #Left WingCenterRight WingPHYDFOFWanted %Time %Time Play
1Daniil ButSidney CrosbyNikolaj Ehlers1223534%17:16
2Gustav NyquistAuston MatthewsFrederick Gaudreau1223530%15:38
3Dustin BrownNoel AcciariCarl Grundstrom1222022%11:13
4Nick RitchieDerek StepanBrendan Lemieux1221014%7:11
5 vs 5 Defense
Line #DefenseDefensePHYDFOFWanted %Time %Time Play
1Mark GiordanoRasmus Ristolainen1223534%17:24
2Esa LindellTravis Sanheim1223537%18:45
3William BorgenPhilip Broberg1223028%14:29
4Mark GiordanoRasmus Ristolainen12201%0:40
Power Play Forward
Line #Left WingCenterRight WingPHYDFOFWanted %Time %Time Play
1Gustav NyquistAuston MatthewsNikolaj Ehlers1135052%2:44
2Daniil ButSidney CrosbyFrederick Gaudreau1135048%2:30
Power Play Defense
Line #DefenseDefensePHYDFOFWanted %Time %Time Play
1Mark GiordanoTravis Sanheim1225048%2:31
2Esa LindellTravis Sanheim1225052%2:43
Penalty Kill 4 Players Forward
Line #CenterWingPHYDFOFWanted %Time %Time Play
1Noel AcciariDustin Brown1225044%1:31
2Derek StepanCarl Grundstrom1225056%1:57
Penalty Kill 4 Players Defense
Line #DefenseDefensePHYDFOFWanted %Time %Time Play
1Esa LindellRasmus Ristolainen1225058%2:01
2Philip BrobergTravis Sanheim1225042%1:27
Penalty Kill 3 Players
Line #WingPHYDFOFWanted %Time %Time PlayDefenseDefensePHYDFOFWanted %Time %Time Play
1Derek Stepan122500%0:00 Mark GiordanoRasmus Ristolainen122500%0:00
2Noel Acciari122500%0:00 Esa LindellTravis Sanheim122500%0:00
4 vs 4 Forward
Line #CenterWingPHYDFOFWanted %Time %Time Play
1Sidney CrosbyDaniil But122500%0:00
2Auston MatthewsNikolaj Ehlers122500%0:00
4 vs 4 Defense
Line #DefensePHYDFOFWanted %Time %Time Play
1Esa LindellMark Giordano122500%0:00
2Rasmus RistolainenTravis Sanheim122500%0:00
Last Minutes Offensive
Left WingCenterRight WingDefenseDefense
Auston MatthewsSidney CrosbyNikolaj EhlersMark GiordanoEsa Lindell
Last Minutes Defensive
Left WingCenterRight WingDefenseDefense
Frederick GaudreauAuston MatthewsDustin BrownEsa LindellRasmus Ristolainen
Time
Total ForwardTotal DefenseLast Minutes OffensiveLast Minutes Defensive
60:00 60:00 0:000:00
Extra Forwards
Normal PowerPlayPenalty Kill
Brendan Lemieux, Daniil But, Noel AcciariBrendan Lemieux, Daniil ButNoel Acciari
Extra Defensemen
Normal PowerPlayPenalty Kill
William Borgen, Philip Broberg, Esa LindellWilliam Borgen, Philip BrobergEsa Lindell
Penalty Shots
Frederick Gaudreau, Auston Matthews, Sidney Crosby, Gustav Nyquist, Carl Grundstrom
Goalie
Semyon Varlamov, Alex Lyon
Custom OT Lines Forwards
Auston Matthews, Sidney Crosby, Nikolaj Ehlers, Dustin Brown, Gustav Nyquist, Frederick Gaudreau, Daniil But, Noel Acciari, Nick Ritchie, Derek Stepan
Custom OT Lines Defensemen
Mark Giordano, Rasmus Ristolainen, Esa Lindell, Travis Sanheim, William Borgen
Scratches
Albert Wikman (Healthy), Aleksandr Kisakov (Healthy)


Play-by-Play

1st period


0:01 of 1st period - Bo Horvat wins face-off versus Sidney Crosby in neutral zone.
0:04 of 1st period - Snap shot by Jaden Schwartz.
0:04 of 1st period - Shot Misses the Net.
0:28 of 1st period - Slapshot by Nazem Kadri.
0:28 of 1st period - Stopped by Semyon Varlamov without a rebound.
0:29 of 1st period - Auston Matthews wins face-off versus Nazem Kadri in Sharks zone.
0:54 of 1st period - Nazem Kadri is hit by Gustav Nyquist and loses puck.
1:06 of 1st period - Snap shot by Nazem Kadri.
1:06 of 1st period - Shot Hit the Post.
1:08 of 1st period - Slapshot by Dmitry Kulikov.
1:08 of 1st period - Stopped by Semyon Varlamov without a rebound.
1:09 of 1st period - Noel Acciari wins face-off versus Jack Hughes in Sharks zone.
1:24 of 1st period - Snap shot by Jack Hughes.
1:24 of 1st period - Goal by Jack Hughes - Panthers : 1 - Sharks : 0.
1:25 of 1st period - Sidney Crosby wins face-off versus Jack Hughes in neutral zone.
1:50 of 1st period - Niko Mikkola is hit by Travis Sanheim and loses puck.
2:16 of 1st period - Esa Lindell is hit by Jeff Petry and loses puck.
2:22 of 1st period - Icing by Carl Grundstrom.
2:23 of 1st period - Noel Acciari wins face-off versus Connor Dewar in Sharks zone.
2:27 of 1st period - Mark Giordano and Michael McLeod fight to a draw.
2:27 of 1st period - Penalty to Mark Giordano for Fighting.
2:27 of 1st period - Penalty to Michael McLeod for Fighting.
2:28 of 1st period - Sidney Crosby wins face-off versus Connor Dewar in neutral zone.
3:45 of 1st period - Nazem Kadri is hit by Nick Ritchie and loses puck.
3:58 of 1st period - Slapshot by Axel Sandin-Pellikka.
3:58 of 1st period - Stopped by Semyon Varlamov without a rebound.
3:59 of 1st period - Sidney Crosby wins face-off versus Zack Kassian in Sharks zone.
4:18 of 1st period - Snap shot by Sidney Crosby.
4:18 of 1st period - Stopped by Darcy Kuemper with a rebound.
4:20 of 1st period - Wrist shot by Sidney Crosby.
4:20 of 1st period - Deflect By Nikolaj Ehlers.
4:20 of 1st period - Stopped by Darcy Kuemper with a rebound.
4:22 of 1st period - Wrist shot by Sidney Crosby.
4:22 of 1st period - Shot Misses the Net.
4:34 of 1st period - Snap shot by Nikolaj Ehlers.
4:34 of 1st period - Shot Misses the Net.
4:36 of 1st period - Slapshot by Nikolaj Ehlers.
4:36 of 1st period - Stopped by Darcy Kuemper without a rebound.
4:37 of 1st period - Auston Matthews wins face-off versus Eetu Luostarinen in Panthers zone.
5:02 of 1st period - Noel Acciari is hit by Bo Horvat and loses puck.
5:25 of 1st period - Brendan Lemieux is hit by Adam Lowry and loses puck.
6:00 of 1st period - Dmitry Orlov is hit by Frederick Gaudreau.
6:23 of 1st period - Eetu Luostarinen is hit by William Borgen and loses puck.
6:43 of 1st period - Snap shot by Eetu Luostarinen.
6:43 of 1st period - Shot Blocked by Rasmus Ristolainen.
6:45 of 1st period - Wrist shot by Ondrej Kase.
6:45 of 1st period - Deflect By Jack Hughes.
6:45 of 1st period - Shot Misses the Net.
6:45 of 1st period - Puck is out of play.
6:46 of 1st period - Auston Matthews wins face-off versus Bo Horvat in Sharks zone.
6:59 of 1st period - Slapshot by Gustav Nyquist.
6:59 of 1st period - Stopped by Darcy Kuemper without a rebound.
7:00 of 1st period - Sidney Crosby wins face-off versus Nazem Kadri in Panthers zone.
7:30 of 1st period - Snap shot by Auston Matthews.
7:30 of 1st period - Shot Misses the Net.
7:32 of 1st period - Snap shot by Auston Matthews.
7:32 of 1st period - Stopped by Darcy Kuemper without a rebound.
7:33 of 1st period - Bo Horvat wins face-off versus Auston Matthews in Panthers zone.
7:59 of 1st period - Michael McLeod is hit by William Borgen and loses puck.
9:37 of 1st period - Noel Acciari is hit by Dmitry Orlov.
10:01 of 1st period - Wrist shot by Jaden Schwartz.
10:01 of 1st period - Stopped by Semyon Varlamov without a rebound.
10:02 of 1st period - Auston Matthews wins face-off versus Bo Horvat in Sharks zone.
10:02 of 1st period - Frederick Gaudreau is hit by Niko Mikkola and loses puck.
10:41 of 1st period - Snap shot by Nazem Kadri.
10:41 of 1st period - Stopped by Semyon Varlamov without a rebound.
10:42 of 1st period - Jack Hughes wins face-off versus Noel Acciari in Sharks zone.
10:45 of 1st period - Wrist shot by Jack Hughes.
10:45 of 1st period - Deflect By Mark Giordano.
10:45 of 1st period - Stopped by Semyon Varlamov without a rebound.
10:46 of 1st period - Jack Hughes wins face-off versus Noel Acciari in Sharks zone.
10:47 of 1st period - Wrist shot by Eetu Luostarinen.
10:47 of 1st period - Stopped by Semyon Varlamov with a rebound.
10:49 of 1st period - Wrist shot by Jeff Petry.
10:49 of 1st period - Shot Misses the Net.
11:01 of 1st period - Snap shot by Jack Hughes.
11:01 of 1st period - Shot Misses the Net.
12:05 of 1st period - Snap shot by Jack Hughes.
12:05 of 1st period - Stopped by Semyon Varlamov without a rebound.
12:06 of 1st period - Auston Matthews wins face-off versus Jesper Fast in Sharks zone.
12:31 of 1st period - Nikolaj Ehlers is hit by Niko Mikkola and loses puck.
12:56 of 1st period - Derek Stepan is hit by Eetu Luostarinen and loses puck.
13:45 of 1st period - Snap shot by Jaden Schwartz.
13:45 of 1st period - Shot Hit the Post.
15:33 of 1st period - Snap shot by Gustav Nyquist.
15:33 of 1st period - Deflect By Auston Matthews.
15:33 of 1st period - Shot Misses the Net.
15:33 of 1st period - Puck is out of play.
15:34 of 1st period - Auston Matthews wins face-off versus Jaden Schwartz in Panthers zone.
15:35 of 1st period - Wrist shot by Gustav Nyquist.
15:35 of 1st period - Stopped by Darcy Kuemper with a rebound.
16:04 of 1st period - Snap shot by Jaden Schwartz.
16:04 of 1st period - Stopped by Semyon Varlamov without a rebound.
16:05 of 1st period - Nazem Kadri wins face-off versus Noel Acciari in Sharks zone.
16:20 of 1st period - Wrist shot by Adam Lowry.
16:20 of 1st period - Stopped by Semyon Varlamov with a rebound.
16:30 of 1st period - Snap shot by Jack Hughes.
16:30 of 1st period - Shot Blocked by Rasmus Ristolainen.
17:19 of 1st period - Snap shot by Bo Horvat.
17:19 of 1st period - Stopped by Semyon Varlamov without a rebound.
17:19 of 1st period - Minor Penalty to Semyon Varlamov for Delaying the game.
17:20 of 1st period - Noel Acciari wins face-off versus Bo Horvat in Sharks zone.
17:20 of 1st period - Noel Acciari is hit by Bo Horvat.
19:19 of 1st period - Penalty to William Borgen is over, William Borgen is back on ice.
19:30 of 1st period - Slapshot by Michael McLeod.
19:30 of 1st period - Deflect By Noel Acciari.
19:30 of 1st period - Stopped by Semyon Varlamov with a rebound.
19:32 of 1st period - Snap shot by Niko Mikkola.
19:32 of 1st period - Deflect By William Borgen.
19:32 of 1st period - Stopped by Semyon Varlamov without a rebound.
19:33 of 1st period - Sidney Crosby wins face-off versus Connor Dewar in Sharks zone.
19:38 of 1st period - Slapshot by Daniil But.
19:38 of 1st period - Deflect By Sidney Crosby.
19:38 of 1st period - Stopped by Darcy Kuemper without a rebound.
19:39 of 1st period - Nikolaj Ehlers wins face-off versus Connor Dewar in Panthers zone.
19:49 of 1st period - Icing by Niko Mikkola.
19:50 of 1st period - Auston Matthews wins face-off versus Riley Nash in Panthers zone.
Goals for this period are 1 for Panthers vs 0 for Sharks.
Shots for this period are 14 for Panthers vs 7 for Sharks.

2nd period


0:01 of 2nd period - Nazem Kadri wins face-off versus Auston Matthews in neutral zone.
0:25 of 2nd period - Jesper Fast is hit by Sidney Crosby.
0:29 of 2nd period - Snap shot by Jaden Schwartz.
0:29 of 2nd period - Deflect By Sidney Crosby.
0:29 of 2nd period - Shot Misses the Net.
0:29 of 2nd period - Puck is out of play.
0:30 of 2nd period - Bo Horvat wins face-off versus Sidney Crosby in Sharks zone.
0:35 of 2nd period - Snap shot by Bo Horvat.
0:35 of 2nd period - Shot Blocked by Mark Giordano.
0:37 of 2nd period - Snap shot by Jaden Schwartz.
0:37 of 2nd period - Stopped by Semyon Varlamov without a rebound.
0:38 of 2nd period - Nazem Kadri wins face-off versus Sidney Crosby in Sharks zone.
2:41 of 2nd period - Gustav Nyquist is hit by Eetu Luostarinen and loses puck.
3:04 of 2nd period - Slapshot by Bo Horvat.
3:04 of 2nd period - Deflect By Jaden Schwartz.
3:04 of 2nd period - Stopped by Semyon Varlamov with a rebound.
3:06 of 2nd period - Slapshot by Jaden Schwartz.
3:06 of 2nd period - Deflect By Jesper Fast.
3:06 of 2nd period - Stopped by Semyon Varlamov with a rebound.
3:18 of 2nd period - Michael McLeod is hit by Daniil But and loses puck.
3:27 of 2nd period - Snap shot by Sidney Crosby.
3:27 of 2nd period - Goal by Sidney Crosby - Panthers : 1 - Sharks : 1.
3:28 of 2nd period - Auston Matthews wins face-off versus Jack Hughes in neutral zone.
3:31 of 2nd period - Eetu Luostarinen is hit by Auston Matthews and loses puck.
3:36 of 2nd period - Wrist shot by Gustav Nyquist.
3:36 of 2nd period - Shot Blocked by Jeff Petry.
3:38 of 2nd period - Wrist shot by Auston Matthews.
3:38 of 2nd period - Shot Misses the Net.
4:26 of 2nd period - Snap shot by Dustin Brown.
4:26 of 2nd period - Shot Blocked by Michael McLeod.
4:28 of 2nd period - Wrist shot by Dustin Brown.
4:28 of 2nd period - Deflect By Carl Grundstrom.
4:28 of 2nd period - Goal by Carl Grundstrom - Panthers : 1 - Sharks : 2.
4:29 of 2nd period - Gustav Nyquist wins face-off versus Jack Hughes in neutral zone.
4:29 of 2nd period - Gustav Nyquist is hit by Eetu Luostarinen.
4:54 of 2nd period - Icing by Frederick Gaudreau.
4:55 of 2nd period - Sidney Crosby wins face-off versus Nazem Kadri in Sharks zone.
5:02 of 2nd period - Snap shot by Daniil But.
5:02 of 2nd period - Shot Misses the Net.
6:08 of 2nd period - Brendan Lemieux is hit by Dmitry Kulikov.
6:42 of 2nd period - Wrist shot by Gustav Nyquist.
6:42 of 2nd period - Shot Misses the Net.
7:16 of 2nd period - Snap shot by Jaden Schwartz.
7:16 of 2nd period - Goal by Jaden Schwartz - Panthers : 2 - Sharks : 2.
7:17 of 2nd period - Bo Horvat wins face-off versus Daniil But in neutral zone.
7:30 of 2nd period - Snap shot by Bo Horvat.
7:30 of 2nd period - Shot Misses the Net.
7:32 of 2nd period - Snap shot by Jesper Fast.
7:32 of 2nd period - Stopped by Semyon Varlamov without a rebound.
7:33 of 2nd period - Nazem Kadri wins face-off versus Auston Matthews in Sharks zone.
7:37 of 2nd period - Icing by Frederick Gaudreau.
7:38 of 2nd period - Auston Matthews wins face-off versus Nazem Kadri in Sharks zone.
7:53 of 2nd period - Slapshot by Auston Matthews.
7:53 of 2nd period - Shot Hit the Post.
8:11 of 2nd period - Backhand shot by Jack Hughes.
8:11 of 2nd period - Stopped by Semyon Varlamov with a rebound.
8:27 of 2nd period - Off-side.
8:28 of 2nd period - Auston Matthews wins face-off versus Bo Horvat in neutral zone.
9:25 of 2nd period - Snap shot by Jack Hughes.
9:25 of 2nd period - Shot Blocked by Sidney Crosby.
9:27 of 2nd period - Snap shot by Ondrej Kase.
9:27 of 2nd period - Stopped by Semyon Varlamov without a rebound.
9:28 of 2nd period - Bo Horvat wins face-off versus Auston Matthews in Sharks zone.
9:35 of 2nd period - Snap shot by Jaden Schwartz.
9:35 of 2nd period - Shot Misses the Net.
9:43 of 2nd period - Slapshot by Travis Sanheim.
9:43 of 2nd period - Shot Misses the Net.
9:58 of 2nd period - Wrist shot by Sidney Crosby.
9:58 of 2nd period - Stopped by Darcy Kuemper without a rebound.
9:59 of 2nd period - Sidney Crosby wins face-off versus Jack Hughes in Panthers zone.
10:46 of 2nd period - Wrist shot by Noel Acciari.
10:46 of 2nd period - Stopped by Darcy Kuemper without a rebound.
10:47 of 2nd period - Sidney Crosby wins face-off versus Nazem Kadri in Panthers zone.
11:12 of 2nd period - Dmitry Orlov is hit by Frederick Gaudreau and loses puck.
11:37 of 2nd period - Snap shot by Derek Stepan.
11:37 of 2nd period - Shot Misses the Net.
12:01 of 2nd period - Snap shot by Nazem Kadri.
12:01 of 2nd period - Shot Misses the Net.
12:35 of 2nd period - Backhand shot by Frederick Gaudreau.
12:35 of 2nd period - Shot Misses the Net.
12:57 of 2nd period - Mason Appleton is hit by Nick Ritchie and loses puck.
13:16 of 2nd period - Wrist shot by Bo Horvat.
13:16 of 2nd period - Deflect By Jaden Schwartz.
13:16 of 2nd period - Shot Blocked by William Borgen.
13:16 of 2nd period - Puck is out of play.
13:17 of 2nd period - Bo Horvat wins face-off versus Sidney Crosby in Sharks zone.
14:05 of 2nd period - Nazem Kadri is hit by William Borgen.
14:14 of 2nd period - Wrist shot by Nazem Kadri.
14:14 of 2nd period - Stopped by Semyon Varlamov without a rebound.
14:15 of 2nd period - Sidney Crosby wins face-off versus Bo Horvat in Sharks zone.
14:22 of 2nd period - Snap shot by Bo Horvat.
14:22 of 2nd period - Deflect By Jaden Schwartz.
14:22 of 2nd period - Shot Misses the Net.
14:22 of 2nd period - Puck is out of play.
14:23 of 2nd period - Sidney Crosby wins face-off versus Bo Horvat in Sharks zone.
14:36 of 2nd period - Snap shot by Sidney Crosby.
14:36 of 2nd period - Stopped by Darcy Kuemper without a rebound.
14:37 of 2nd period - Auston Matthews wins face-off versus Nazem Kadri in Panthers zone.
14:37 of 2nd period - Gustav Nyquist is hit by Adam Lowry.
14:58 of 2nd period - Minor Penalty to Jeff Petry for Holding.
14:59 of 2nd period - Bo Horvat wins face-off versus Auston Matthews in Panthers zone.
14:59 of 2nd period - Bo Horvat is hit by Gustav Nyquist.
15:18 of 2nd period - Off-side.
15:19 of 2nd period - Jaden Schwartz wins face-off versus Sidney Crosby in neutral zone.
15:22 of 2nd period - Slapshot by Axel Sandin-Pellikka.
15:22 of 2nd period - Deflect By Nazem Kadri.
15:22 of 2nd period - Stopped by Semyon Varlamov with a rebound.
15:30 of 2nd period - Slapshot by Travis Sanheim.
15:30 of 2nd period - Shot Misses the Net.
15:32 of 2nd period - Slapshot by Esa Lindell.
15:32 of 2nd period - Stopped by Darcy Kuemper with a rebound.
15:34 of 2nd period - Slapshot by Esa Lindell.
15:34 of 2nd period - Stopped by Darcy Kuemper without a rebound.
15:35 of 2nd period - Jack Hughes wins face-off versus Auston Matthews in Panthers zone.
15:44 of 2nd period - Snap shot by Nazem Kadri.
15:44 of 2nd period - Deflect By Jaden Schwartz.
15:44 of 2nd period - Stopped by Semyon Varlamov without a rebound.
15:45 of 2nd period - Nazem Kadri wins face-off versus Auston Matthews in Sharks zone.
15:46 of 2nd period - Snap shot by Jaden Schwartz.
15:46 of 2nd period - Stopped by Semyon Varlamov with a rebound.
16:00 of 2nd period - Slapshot by Travis Sanheim.
16:00 of 2nd period - Shot Blocked by Axel Sandin-Pellikka.
16:20 of 2nd period - Slapshot by Bo Horvat.
16:20 of 2nd period - Deflect By Auston Matthews.
16:20 of 2nd period - Shot Misses the Net.
16:20 of 2nd period - Puck is out of play.
16:21 of 2nd period - Sidney Crosby wins face-off versus Nazem Kadri in Sharks zone.
16:32 of 2nd period - Wrist shot by Sidney Crosby.
16:32 of 2nd period - Shot Misses the Net.
16:58 of 2nd period - Penalty to Jeff Petry is over, Jeff Petry is back on ice.
17:20 of 2nd period - Backhand shot by Dmitry Orlov.
17:20 of 2nd period - Shot Misses the Net.
17:34 of 2nd period - Wrist shot by Brendan Lemieux.
17:34 of 2nd period - Stopped by Darcy Kuemper without a rebound.
17:35 of 2nd period - Jack Hughes wins face-off versus Derek Stepan in Panthers zone.
17:35 of 2nd period - Jack Hughes is hit by Brendan Lemieux.
17:45 of 2nd period - Slapshot by Jack Hughes.
17:45 of 2nd period - Shot Misses the Net.
17:51 of 2nd period - Slapshot by William Borgen.
17:51 of 2nd period - Stopped by Darcy Kuemper without a rebound.
17:52 of 2nd period - Bo Horvat wins face-off versus Auston Matthews in Panthers zone.
17:52 of 2nd period - Bo Horvat is hit by Auston Matthews.
18:06 of 2nd period - Wrist shot by Gustav Nyquist.
18:06 of 2nd period - Shot Misses the Net.
18:08 of 2nd period - Slapshot by Frederick Gaudreau.
18:08 of 2nd period - Shot Blocked by Michael McLeod.
18:36 of 2nd period - Off-side.
18:37 of 2nd period - Nazem Kadri wins face-off versus Dustin Brown in neutral zone.
18:42 of 2nd period - Slapshot by Axel Sandin-Pellikka.
18:42 of 2nd period - Shot Hit the Post.
18:49 of 2nd period - Slapshot by Rasmus Ristolainen.
18:49 of 2nd period - Deflect By Nazem Kadri.
18:49 of 2nd period - Stopped by Darcy Kuemper with a rebound.
18:51 of 2nd period - Wrist shot by Carl Grundstrom.
18:51 of 2nd period - Shot Misses the Net.
19:28 of 2nd period - Slapshot by Jaden Schwartz.
19:28 of 2nd period - Stopped by Semyon Varlamov without a rebound.
19:29 of 2nd period - Sidney Crosby wins face-off versus Jack Hughes in Sharks zone.
Goals for this period are 1 for Panthers vs 2 for Sharks.
Shots for this period are 12 for Panthers vs 10 for Sharks.

3rd period


0:01 of 3rd period - Bo Horvat wins face-off versus Auston Matthews in neutral zone.
0:53 of 3rd period - Noel Acciari is hit by Ondrej Kase and loses puck.
1:41 of 3rd period - Wrist shot by Nikolaj Ehlers.
1:41 of 3rd period - Stopped by Darcy Kuemper with a rebound.
1:43 of 3rd period - Slapshot by Daniil But.
1:43 of 3rd period - Shot Blocked by Jeff Petry.
1:47 of 3rd period - Snap shot by Nikolaj Ehlers.
1:47 of 3rd period - Shot Misses the Net.
1:53 of 3rd period - Minor Penalty to Ondrej Kase for Hooking.
1:54 of 3rd period - Sidney Crosby wins face-off versus Nazem Kadri in Panthers zone.
2:11 of 3rd period - Jaden Schwartz is hit by Daniil But and loses puck.
2:26 of 3rd period - Gustav Nyquist is hit by Jack Hughes.
2:32 of 3rd period - Wrist shot by Auston Matthews.
2:32 of 3rd period - Stopped by Darcy Kuemper with a rebound.
3:53 of 3rd period - Penalty to Ondrej Kase is over, Ondrej Kase is back on ice.
4:02 of 3rd period - Slapshot by Michael McLeod.
4:02 of 3rd period - Deflect By Connor Dewar.
4:02 of 3rd period - Shot Misses the Net.
4:02 of 3rd period - Puck is out of play.
4:03 of 3rd period - Connor Dewar wins face-off versus Noel Acciari in Sharks zone.
4:06 of 3rd period - Wrist shot by Zack Kassian.
4:06 of 3rd period - Shot Misses the Net.
4:08 of 3rd period - Snap shot by Zack Kassian.
4:08 of 3rd period - Shot Blocked by Carl Grundstrom.
4:10 of 3rd period - Snap shot by Niko Mikkola.
4:10 of 3rd period - Stopped by Semyon Varlamov without a rebound.
4:11 of 3rd period - Noel Acciari wins face-off versus Mason Appleton in Sharks zone.
4:56 of 3rd period - Snap shot by Jack Hughes.
4:56 of 3rd period - Shot Misses the Net.
4:58 of 3rd period - Slapshot by Jack Hughes.
4:58 of 3rd period - Stopped by Semyon Varlamov without a rebound.
4:59 of 3rd period - Jack Hughes wins face-off versus Auston Matthews in Sharks zone.
5:10 of 3rd period - Wrist shot by Eetu Luostarinen.
5:10 of 3rd period - Shot Blocked by Travis Sanheim.
5:25 of 3rd period - Jeff Petry is hit by Nikolaj Ehlers and loses puck.
5:50 of 3rd period - Slapshot by Carl Grundstrom.
5:50 of 3rd period - Stopped by Darcy Kuemper with a rebound.
5:52 of 3rd period - Wrist shot by Noel Acciari.
5:52 of 3rd period - Shot Blocked by Dmitry Kulikov.
5:54 of 3rd period - Wrist shot by Travis Sanheim.
5:54 of 3rd period - Deflect By Noel Acciari.
5:54 of 3rd period - Stopped by Darcy Kuemper with a rebound.
6:10 of 3rd period - Slapshot by Derek Stepan.
6:10 of 3rd period - Stopped by Darcy Kuemper without a rebound.
6:11 of 3rd period - Michael McLeod wins face-off versus Auston Matthews in Panthers zone.
6:16 of 3rd period - Frederick Gaudreau is hit by Michael McLeod and loses puck.
6:27 of 3rd period - Slapshot by Jeff Petry.
6:27 of 3rd period - Stopped by Semyon Varlamov without a rebound.
6:28 of 3rd period - Sidney Crosby wins face-off versus Nazem Kadri in Sharks zone.
6:35 of 3rd period - Jeff Petry is hit by Sidney Crosby and loses puck.
6:54 of 3rd period - Jaden Schwartz is hit by William Borgen and loses puck.
7:13 of 3rd period - Wrist shot by Dustin Brown.
7:13 of 3rd period - Shot Misses the Net.
7:55 of 3rd period - Wrist shot by Axel Sandin-Pellikka.
7:55 of 3rd period - Stopped by Semyon Varlamov without a rebound.
7:56 of 3rd period - Nazem Kadri wins face-off versus Sidney Crosby in Sharks zone.
8:07 of 3rd period - Slapshot by Sidney Crosby.
8:07 of 3rd period - Deflect By Daniil But.
8:07 of 3rd period - Shot Misses the Net.
8:07 of 3rd period - Puck is out of play.
8:08 of 3rd period - Bo Horvat wins face-off versus Frederick Gaudreau in Panthers zone.
8:13 of 3rd period - Wrist shot by Gustav Nyquist.
8:13 of 3rd period - Stopped by Darcy Kuemper without a rebound.
8:14 of 3rd period - Gustav Nyquist wins face-off versus Jesper Fast in Panthers zone.
8:19 of 3rd period - Snap shot by Gustav Nyquist.
8:19 of 3rd period - Stopped by Darcy Kuemper with a rebound.
8:23 of 3rd period - Slapshot by Frederick Gaudreau.
8:23 of 3rd period - Stopped by Darcy Kuemper with a rebound.
8:25 of 3rd period - Snap shot by Frederick Gaudreau.
8:25 of 3rd period - Shot Misses the Net.
8:27 of 3rd period - Snap shot by Auston Matthews.
8:27 of 3rd period - Stopped by Darcy Kuemper without a rebound.
8:28 of 3rd period - Sidney Crosby wins face-off versus Nazem Kadri in Panthers zone.
8:58 of 3rd period - Eetu Luostarinen is hit by Mark Giordano and loses puck.
10:38 of 3rd period - Icing by Dustin Brown.
10:39 of 3rd period - Noel Acciari wins face-off versus Jack Hughes in Sharks zone.
10:48 of 3rd period - Slapshot by Esa Lindell.
10:48 of 3rd period - Stopped by Darcy Kuemper with a rebound.
11:12 of 3rd period - Wrist shot by Jaden Schwartz.
11:12 of 3rd period - Stopped by Semyon Varlamov without a rebound.
11:13 of 3rd period - Auston Matthews wins face-off versus Nazem Kadri in Sharks zone.
11:20 of 3rd period - Slapshot by Nazem Kadri.
11:20 of 3rd period - Stopped by Semyon Varlamov with a rebound.
11:22 of 3rd period - Snap shot by Adam Lowry.
11:22 of 3rd period - Shot Misses the Net.
11:24 of 3rd period - Wrist shot by Nazem Kadri.
11:24 of 3rd period - Stopped by Semyon Varlamov with a rebound.
11:26 of 3rd period - Backhand shot by Nazem Kadri.
11:26 of 3rd period - Deflect By Gustav Nyquist.
11:26 of 3rd period - Shot Blocked by Rasmus Ristolainen.
11:26 of 3rd period - Puck is out of play.
11:27 of 3rd period - Sidney Crosby wins face-off versus Jack Hughes in Sharks zone.
12:12 of 3rd period - Off-side.
12:13 of 3rd period - Nazem Kadri wins face-off versus Noel Acciari in neutral zone.
12:30 of 3rd period - Off-side.
12:31 of 3rd period - Sidney Crosby wins face-off versus Bo Horvat in neutral zone.
12:31 of 3rd period - Nikolaj Ehlers is hit by Bo Horvat and loses puck.
12:46 of 3rd period - Wrist shot by Jesper Fast.
12:46 of 3rd period - Stopped by Semyon Varlamov without a rebound.
12:47 of 3rd period - Jack Hughes wins face-off versus Frederick Gaudreau in Sharks zone.
12:59 of 3rd period - Minor Penalty to Ondrej Kase for Elbowing.
13:00 of 3rd period - Sidney Crosby wins face-off versus Bo Horvat in Panthers zone.
13:52 of 3rd period - Icing by Esa Lindell.
13:53 of 3rd period - Sidney Crosby wins face-off versus Bo Horvat in Sharks zone.
14:02 of 3rd period - Slapshot by Sidney Crosby.
14:02 of 3rd period - Deflect By Frederick Gaudreau.
14:02 of 3rd period - Goal by Frederick Gaudreau - Panthers : 2 - Sharks : 3.
14:03 of 3rd period - Auston Matthews wins face-off versus Nazem Kadri in neutral zone.
14:14 of 3rd period - Wrist shot by Nazem Kadri.
14:14 of 3rd period - Stopped by Semyon Varlamov without a rebound.
14:15 of 3rd period - Sidney Crosby wins face-off versus Jack Hughes in Sharks zone.
14:25 of 3rd period - Minor Penalty to Axel Sandin-Pellikka for Hooking.
14:26 of 3rd period - Sidney Crosby wins face-off versus Nazem Kadri in Panthers zone.
14:38 of 3rd period - Slapshot by Frederick Gaudreau.
14:38 of 3rd period - Goal by Frederick Gaudreau - Panthers : 2 - Sharks : 4.
14:39 of 3rd period - Bo Horvat wins face-off versus Auston Matthews in neutral zone.
14:42 of 3rd period - Slapshot by Jeff Petry.
14:42 of 3rd period - Shot Blocked by Frederick Gaudreau.
15:04 of 3rd period - Bo Horvat is hit by Dustin Brown.
15:14 of 3rd period - Slapshot by Jaden Schwartz.
15:14 of 3rd period - Stopped by Semyon Varlamov with a rebound.
15:16 of 3rd period - Wrist shot by Axel Sandin-Pellikka.
15:16 of 3rd period - Shot Misses the Net.
15:20 of 3rd period - Backhand shot by Jaden Schwartz.
15:20 of 3rd period - Stopped by Semyon Varlamov without a rebound.
15:21 of 3rd period - Jack Hughes wins face-off versus Sidney Crosby in Sharks zone.
15:46 of 3rd period - Adam Lowry is hit by Noel Acciari and loses puck.
15:51 of 3rd period - Backhand shot by Dustin Brown.
15:51 of 3rd period - Shot Misses the Net.
15:53 of 3rd period - Wrist shot by Dustin Brown.
15:53 of 3rd period - Stopped by Darcy Kuemper with a rebound.
15:55 of 3rd period - Snap shot by William Borgen.
15:55 of 3rd period - Shot Misses the Net.
15:57 of 3rd period - Slapshot by William Borgen.
15:57 of 3rd period - Shot Blocked by Niko Mikkola.
16:13 of 3rd period - Slapshot by Auston Matthews.
16:13 of 3rd period - Shot Misses the Net.
16:21 of 3rd period - Snap shot by Michael McLeod.
16:21 of 3rd period - Shot Misses the Net.
16:46 of 3rd period - Michael McLeod is hit by Sidney Crosby and loses puck.
16:51 of 3rd period - Slapshot by Sidney Crosby.
16:51 of 3rd period - Deflect By Nikolaj Ehlers.
16:51 of 3rd period - Stopped by Darcy Kuemper without a rebound.
16:52 of 3rd period - Jack Hughes wins face-off versus Sidney Crosby in Panthers zone.
16:59 of 3rd period - Snap shot by Eetu Luostarinen.
16:59 of 3rd period - Stopped by Semyon Varlamov without a rebound.
17:00 of 3rd period - Sidney Crosby wins face-off versus Jack Hughes in Sharks zone.
17:15 of 3rd period - Slapshot by Nikolaj Ehlers.
17:15 of 3rd period - Stopped by Darcy Kuemper with a rebound.
17:57 of 3rd period - Slapshot by Jack Hughes.
17:57 of 3rd period - Shot Misses the Net.
18:03 of 3rd period - Slapshot by Eetu Luostarinen.
18:03 of 3rd period - Stopped by Semyon Varlamov with a rebound.
18:05 of 3rd period - Snap shot by Eetu Luostarinen.
18:05 of 3rd period - Shot Misses the Net.
18:07 of 3rd period - Slapshot by Dmitry Orlov.
18:07 of 3rd period - Shot Misses the Net.
18:09 of 3rd period - Slapshot by Ondrej Kase.
18:09 of 3rd period - Stopped by Semyon Varlamov with a rebound.
18:30 of 3rd period - Minor Penalty to Sidney Crosby for Holding.
18:31 of 3rd period - Bo Horvat wins face-off versus Noel Acciari in Sharks zone.
18:41 of 3rd period - Slapshot by Bo Horvat.
18:41 of 3rd period - Shot Blocked by Philip Broberg.
19:01 of 3rd period - Wrist shot by Mason Appleton.
19:01 of 3rd period - Shot Misses the Net.
19:03 of 3rd period - Slapshot by Adam Lowry.
19:03 of 3rd period - Stopped by Semyon Varlamov without a rebound.
19:04 of 3rd period - Connor Dewar wins face-off versus Noel Acciari in Sharks zone.
19:05 of 3rd period - Wrist shot by Mason Appleton.
19:05 of 3rd period - Stopped by Semyon Varlamov with a rebound.
19:07 of 3rd period - Slapshot by Axel Sandin-Pellikka.
19:07 of 3rd period - Shot Misses the Net.
19:09 of 3rd period - Snap shot by Mason Appleton.
19:09 of 3rd period - Shot Misses the Net.
19:11 of 3rd period - Wrist shot by Mason Appleton.
19:11 of 3rd period - Shot Misses the Net.
19:13 of 3rd period - Slapshot by Adam Lowry.
19:13 of 3rd period - Stopped by Semyon Varlamov with a rebound.
19:15 of 3rd period - Slapshot by Dmitry Orlov.
19:15 of 3rd period - Stopped by Semyon Varlamov with a rebound.
Goals for this period are 0 for Panthers vs 2 for Sharks.
Shots for this period are 18 for Panthers vs 15 for Sharks.